 Dungeon Crawl Stone Soup version 0.29.1 (webtiles) character file.

Game seed: 12991258511280388620

186 Artool the Cudgeller (level 5, 0/41 HPs)
             Began as a Demonspawn Gladiator on Sept 14, 2022.
             Succumbed to a kobold's poison
             ... in a sewer.
             The game lasted 00:09:54 (3033 turns).

Artool the Cudgeller (Demonspawn Gladiator)         Turns: 3033, Time: 00:09:54

Health: 0/41       AC:  5    Str: 17    XL:     5   Next: 38%
Magic:  5/5        EV: 13    Int:  9    God:
Gold:   155        SH:  4    Dex: 14    Spells: 4/4 levels left

rFire   . . .      SeeInvis .   h - +1 whip
rCold   . . .      Faith    .   (no shield)
rNeg    . . .      Spirit   .   b - +0 leather armour
rPois   .          Reflect  .   c - +0 helmet
rElec   .          Harm     .   (no cloak)
rCorr   .          Rampage  .   f - +0 pair of gloves
Will    +....                   (no boots)
Stlth   +.........              i - amulet of magic regeneration
HPRegen 0.13/turn               l - ring of willpower
MPRegen 0.49/turn               (no ring)

@: lethally poisoned (0 -> -8), attractive
A: foul stench 1, condensation shield, weakness stinger 2
a: no special abilities


You were in a sewer.
You visited 1 branch of the dungeon, and saw 3 of its levels.
You also visited: Sewer.

You collected 155 gold pieces.

Inventory:

Hand Weapons
 a - a +0 flail
 h - a +1 whip (weapon)
 r - a +2 dagger of venom
Missiles
 d - 3 throwing nets
 e - a javelin
 k - a boomerang (quivered)
Armour
 b - a +0 leather armour (worn)
 c - a +0 helmet (worn)
 f - a +0 pair of gloves (worn)
Magical Staves
 m - a staff of conjuration
Jewellery
 i - an amulet of magic regeneration (around neck)
 l - a ring of willpower (left hand)
Scrolls
 n - a scroll of identify
Potions
 g - a potion of attraction
 q - 2 potions of brilliance


   Skills:
 + Level 3.2 Fighting
 + Level 3.6 Maces & Flails
 - Level 1.7 Throwing
 + Level 2.1 Armour
 + Level 3.6 Dodging


You had 4 spell levels left.
You didn't know any spells.
Your spell library contained the following spells:

 Spells                   Type           Power      Damage    Failure   Level
 Ensorcelled Hibernation  Hex/Ice        0%         N/A       58%         2
 Passwall                 Tmut/Erth      0%         N/A       58%         2
 Frozen Ramparts          Ice            0%         1d1       82%         3
 Swiftness                Air            0%         N/A       82%         3
 Ice Form                 Ice/Tmut       0%         N/A       99%         4
 Summon Ice Beast         Ice/Summ       0%         N/A       99%         4


Dungeon Overview and Level Annotations

Branches:
Dungeon (3/15)              Sewer (1/1)

Altars:


Innate Abilities, Weirdness & Mutations

You may rarely emit foul miasma when damaged in melee.
A meltable shield of frost defends you. (SH +4)
You have a tail ending in a sharp stinger.


Message History

Your demonic ancestry asserts itself...
You begin to emit a foul stench of rot and decay.
You hit the kobold but do no damage.
You feel very sick. The jackal bites you.
The kobold hits you but does no damage.
You are lethally poisoned!
Unknown command.
It was a potion of attraction.
You feel attractive to monsters.
* * * LOW HITPOINT WARNING * * *
You feel very sick.
The jackal bites you but does no damage.
The kobold hits you but does no damage. The jackal is attracted toward you.
Okay, then.
Welcome back, Artool the Demonspawn Gladiator.
Press ? for a list of commands and other information.
Okay, then.
Okay, then.
You hit the jackal.
The jackal is severely wounded.
* * * LOW HITPOINT WARNING * * *
You feel very sick. The jackal closely misses you.
You block the jackal's attack. The jackal barely misses you.
You hit the jackal.
You kill the jackal!
* * * LOW HITPOINT WARNING * * *
You feel very sick. You block the kobold's attack.
The jackal barely misses you.
Press: ? - help, v - describe, . - travel, g - get item
Items here: 2 poisoned darts; a +0 short sword.
Some shallow water.
You hit the jackal but do no damage.
* * * LOW HITPOINT WARNING * * *
You feel sick. You block the kobold's attack.
The jackal stops to sniff the ground.
The jackal closely misses you.
You hit the jackal.
You kill the jackal!
You die...

#∩ ############
##.###..........# #
.....~..~~~~~~~.# ..
~~~~~~~~~~~≈≈≈~.#...
≈≈≈≈≈≈≈≈≈≈≈≈≈≈~....
~~≈~~~~~~~≈≈≈~~#
....~.~.†K~~~.~#
#~~.@(.....#
##~######### #~# #~#
#~# #~# #~# #~# #~#


You could see a kobold.

Vanquished Creatures
  A kobold brigand (Sewer)
  3 adders
  2 river rats (Sewer)
  A worm (D:2)
  A dart slug (D:3)
  2 orcs (D:2)
  4 ball pythons
  3 endoplasms
  3 giant cockroaches
  2 hobgoblins
  8 jackals
  3 quokkas
  7 bats
  8 frilled lizards
  4 goblins
  9 kobolds
  9 rats
70 creatures vanquished.

Notes
Turn   | Place    | Note
-------+----------+-------------------------------------------
     0 | D:1      | Artool the Demonspawn Gladiator began the quest for the
                  | Orb.
     0 | D:1      | Reached XP level 1. HP: 16/16 MP: 1/1
    15 | D:1      | Found a faded altar of an unknown god.
   443 | D:1      | Gained mutation: You have a small tail. [demonic ancestry]
   443 | D:1      | Reached XP level 2. HP: 22/22 MP: 2/2
  1207 | D:1      | Reached skill level 1 in Armour
  1211 | D:1      | Gained mutation: You have a tail ending in a sharp stinger.
                  | [demonic ancestry]
  1211 | D:1      | Reached XP level 3. HP: 24/28 MP: 3/3
  1981 | D:2      | Found Eliv's Jewellery Shop.
  2193 | D:2      | Gained mutation: A meltable shield of frost defends you.
                  | (SH +4) [demonic ancestry]
  2193 | D:2      | Reached XP level 4. HP: 34/34 MP: 4/4
  2810 | D:3      | Found a glowing drain.
  2842 | Sewer    | Entered a sewer
  3010 | Sewer    | Noticed a kobold brigand
  3027 | Sewer    | Killed a kobold brigand
  3028 | Sewer    | Gained mutation: You may rarely emit foul miasma when
                  | damaged in melee. [demonic ancestry]
  3028 | Sewer    | Reached XP level 5. HP: 17/41 MP: 5/5
  3032 | Sewer    | HP: 2/41 [poisoned by a kobold]
  3033 | Sewer    | Succumbed to a kobold's poison

Illustrated notes

Levels and vault maps discovered:
D:1:      scummos_arrival_simple_crosswalls, layout_loops_ring,
          ebering_ecumenical_altar_petrified
D:2:      layout_basic, serial_shops, nicolae_shop_waterfront,
          nicolae_eternal_life
D:3:      layout_basic, serial_shops, nicolae_shop_competitors_out_of_business,
          portal_sewer_entry_a, wad_orctagon
Sewer:    sewer_kobolds

Skill      XL: |  1  2  3  4 |
---------------+-------------+-----
Maces & Flails | 3 |  3.6
Dodging        | 3 |  3.6
Armour         | 1 2 |  2.1
Fighting       | 3 |  3.2
Throwing       | |  1.7

Action                   |  1- 3 |  4- 6 || total
-------------------------+-------+-------++-------
Melee: Whip              |   157 |    74 ||   231
       Flail             |     6 |       ||     6
       Tailslap          |    17 |     8 ||    25
       Punch             |     1 |       ||     1
Throw: Boomerang         |       |     3 ||     3
  Use: Scroll            |       |     5 ||     5
       Potion            |       |     1 ||     1
 Stab: Sleeping          |     2 |     1 ||     3
Armor: Leather armour    |    45 |    33 ||    78
Dodge: Dodged            |    91 |    47 ||   138
Block: Other             |       |    26 ||    26
